 Dungeon Crawl Stone Soup version 0.31-a0-810-ga77100ea1a (webtiles) character file.

Game seed: 17723728253835837001

2298021 Hi5aMiFi the Conqueror (level 27, 273/273 HPs)
             Began as a Minotaur Berserker on Sept 21, 2023.
             Was the Champion of Trog.
             Escaped with the Orb
             ... and 4 runes on Sept 25, 2023!
             The game lasted 07:52:57 (72178 turns).

Hi5aMiFi the Conqueror (Minotaur Berserker)        Turns: 72178, Time: 07:52:58

Health: 273/273    AC: 49    Str: 27    XL:     27
Magic:  7/7        EV: 10    Int:  9    God:    Trog [******]
Gold:   1060       SH: 32    Dex: 13    Spells: 26/26 levels left

rFire   + . .        K - +9 broad axe (antimagic)
rCold   + . .        A - +3 tower shield
rNeg    + + .        M - +7 gold dragon scales
rPois   +            Y - +2 hat {SInv}
rElec   +            G - +2 cloak {Will+}
rCorr   +            x - +0 pair of gloves of the Merwolf {rN++ Int+3}
SInv    +            n - +3 pair of seven-league boots {Rampage+∞}
Will    +++..        r - amulet "Texunivu" {Reflect rElec rCorr Str-3 Slay+5 SH+5} Stlth
                     l - ring of Roaqiguec {rCorr Str+3 Slay+5 Stlth-}
HPRegen 1.45/turn    H - +9 ring of slaying
MPRegen 0.10/turn

%: reflection, rampage+∞
@: hasted, studying Ranged Weapons, very quick
A: horns 2, retaliatory headbutt, iridescent scales 1, regeneration 1, weak 2,
subdued magic 1
0: Orb of Zot
}: 4/15 runes: barnacled, slimy, silver, gossamer
a: Renounce Religion, Berserk, Trog's Hand, Brothers in Arms


You escaped.
You worshipped Trog.
Trog was exalted by your worship.
You visited 11 branches of the dungeon, and saw 55 of its levels.
You also visited: Bailey and Ice Cave.

You collected 10280 gold pieces.
You spent 9220 gold pieces at shops.

Inventory:

Hand Weapons
 d - a +9 broad axe of draining
 E - the +11 broad axe "Killer Klown's Foe" {flame, Str+2}
   (Trog gifted it to you on level 1 of the Spider Nest)

   Str+2:     It affects your strength (+2).
 K - a +9 antimagic broad axe (weapon)
Missiles
 f - 2 throwing nets
 y - 9 javelins
 J - 21 boomerangs
 U - 12 silver javelins (quivered)
 Z - 15 curare-tipped darts
Armour
 i - the +0 pair of boots of Conscience {Will+ Slay+3}
   (You found it on level 5 of the Vaults)

   Slay+3:    It affects your accuracy & damage with ranged weapons and melee
   (+3).
   Will+:     It increases your willpower.
 n - the +3 pair of seven-league boots (worn) {Rampage+∞}
   (You found it on level 3 of the Elven Halls)

   Rampage+∞: When moving toward enemies, its wearer moves as far as possible,
   alerting their target en route.
 x - the +0 pair of gloves of the Merwolf (worn) {rN++ Int+3}
   (You bought it in a shop on level 2 of the Orcish Mines)

   Int+3:     It affects your intelligence (+3).
   rN++:      It greatly protects you from negative energy.
 A - a +3 tower shield (worn)
 G - a +2 cloak of willpower (worn)
 M - +7 gold dragon scales (worn)
 R - a +2 pair of gloves of hurling
 Y - a +2 hat of see invisible (worn)
Jewellery
 b - the ring of Butchery {rElec Will+ EV+5 Dex+5}
   (You acquired it on level 2 of the Shoals)

   [ring of evasion]

   EV+5:      It affects your evasion (+5).
   Dex+5:     It affects your dexterity (+5).
   rElec:     It insulates you from electricity.
   Will+:     It increases your willpower.
 l - the ring of Roaqiguec (left hand) {rCorr Str+3 Slay+5 Stlth-}
   (You took it off a deep elf knight on level 3 of the Elven Halls)

   [ring of resist corrosion]

   Str+3:     It affects your strength (+3).
   Slay+5:    It affects your accuracy & damage with ranged weapons and melee
   (+5).
   rCorr:     It protects you from acid and corrosion.
   Stlth-:    It makes you less stealthy.
 o - the ring "Gialouk" {Contam rF++ rN+}
   (You found it on level 3 of the Crypt)

   [ring of positive energy]

   rF++:      It greatly protects you from fire.
   rN+:       It protects you from negative energy.
   Contam:    It causes magical contamination when unequipped.
 q - the ring of Jonison {rC+ rN+ AC+4}
   (You found it on level 5 of the Pits of Slime)

   [ring of protection]

   AC+4:      It affects your AC (+4).
   rC+:       It protects you from cold.
   rN+:       It protects you from negative energy.
 r - the amulet "Texunivu" (around neck) {Reflect rElec rCorr Str-3 Slay+5 SH+5}
   (You took it off a deep elf sorcerer on level 5 of the Vaults)

   [amulet of reflection]

   Reflect:   It reflects blocked missile attacks.
   Str-3:     It affects your strength (-3).
   Slay+5:    It affects your accuracy & damage with ranged weapons and melee
   (+5).
   rElec:     It insulates you from electricity.
   rCorr:     It protects you from acid and corrosion.
   SH+5:      It affects your SH (+5).
 t - the ring "Fibahu" {Fly Str+3}
   (You found it on level 2 of the Vaults)

   [ring of flight]

   Str+3:     It affects your strength (+3).
   Fly:       It grants you flight.
 H - a +9 ring of slaying (right hand)
 P - the ring of Loykyil {rF+ rN+ rCorr}
   (You found it on level 3 of the Elven Halls)

   [ring of resist corrosion]

   rF+:       It protects you from fire.
   rN+:       It protects you from negative energy.
   rCorr:     It protects you from acid and corrosion.
Wands
 e - a wand of roots (60)
 s - a wand of acid (21)
 I - a wand of digging (21)
 L - a wand of paralysis (19)
Scrolls
 a - 5 scrolls of butterflies
 g - 2 scrolls of fog
 h - 6 scrolls of blinking
 k - 24 scrolls of teleportation
 m - 12 scrolls of fear
 z - 5 scrolls of poison
 O - 5 scrolls of vulnerability
 Q - 3 scrolls of silence
 S - 3 scrolls of immolation
Potions
 c - 7 potions of haste
 j - 9 potions of heal wounds
 p - 9 potions of invisibility
 v - 18 potions of curing
 w - 8 potions of enlightenment
 B - 4 potions of might
 C - 2 potions of resistance
 D - 6 potions of ambrosia
 T - 3 potions of cancellation
 V - 6 potions of lignification
 W - 7 potions of attraction
 X - 7 potions of mutation
Miscellaneous
 u - a tin of tremorstones (2/2)
 N - a phantom mirror


   Skills:
 O Level 27 Fighting
 + Level 22.0(22.9) Axes
 - Level 6.5(15.8) Maces & Flails
 - Level 8.6(16.6) Polearms
 - Level 20.0 Throwing
 O Level 27 Armour
 - Level 5.0 Dodging
 O Level 27 Shields
 - Level 15.0 Evocations


You had 26 spell levels left.
You didn't know any spells.
Your spell library was empty.

Dungeon Overview and Level Annotations

Branches:
Dungeon (15/15)            Temple (0/1) D:5            Lair (5/5) D:11
 Shoals (4/4) Lair:2       Spider (4/4) Lair:2        Slime (5/5) Lair:5
    Orc (2/2) D:10            Elf (3/3) Orc:2        Vaults (5/5) D:13
  Crypt (3/3) Vaults:2       Tomb (0/3) Crypt:3      Depths (4/4) D:15
    Zot (5/5) Depths:4     Bailey (visited)           IceCv (visited)

Altars:
Elyvilon
Fedhas
Hepliaklqana
Nemelex Xobeh
Trog
Uskayaw
Wu Jian
Zin
The Shining One
Jiyva

Shops:
D:1 [   D:3 [   D:4 ?:   D:6 *=!!   D:7 (   Orc:2 [(*[   Elf:2 :*[[[
Shoals:3 *   Shoals:4 =   Vaults:1 (   Vaults:2 :   Vaults:4 !   Depths:1 !=?
Depths:2 =

Portals:
Hell: Depths:1 Depths:2 Depths:3 Depths:4
Abyss: Depths:1 Depths:3 Depths:4
Pandemonium: Depths:1 Depths:2 Depths:3
Ziggurat: Depths:2

Annotations:
Zot:2 3 runed translucent doors, Vyqe's ghost, master MfIE


Innate Abilities, Weirdness & Mutations

You have a pair of horns on your head.
You reflexively headbutt those who attack you in melee.
You are partially covered in iridescent scales. (AC +2)
Your natural rate of healing is unusually fast.
You are very weak. (Str -4)
Your spells are a little easier to cast, but a little less powerful.


Message History

The rock shatters into small pieces.
You feel yourself speed up.
There is a stone staircase leading up here.
You climb upwards.
There is a stone staircase leading down here.
Unknown command.
Unknown command.
Aiming: Dig
Press: ? - help, Shift-Dir - straight line This square is covered in magical glow.
The rock shatters into small pieces.
Unknown command.
Aiming: Dig
Press: ? - help, Shift-Dir - straight line A rock wall.
This square is covered in magical glow.
Okay, then.
Aiming: Dig
Press: ? - help, Shift-Dir - straight line A rock wall.
This square is covered in magical glow.
The rock shatters into small pieces.
Unknown command.
Aiming: Dig
Press: ? - help, Shift-Dir - straight line A rock wall.
This square is covered in magical glow.
The rock shatters into small pieces.
Aiming: Dig
Press: ? - help, Shift-Dir - straight line This square is covered in magical glow.
The rock shatters into small pieces.
Blink to where?
Press: ? - help, Dir - move target
As you read the scroll of blinking, it crumbles to dust.
Blink to where?
Press: ? - help, Dir - move target
As you read the scroll of blinking, it crumbles to dust.
You can't go down here!
You have escaped!

#..##..#######.##...##.#######.##
......## ####.#♣♣♣#.##......#
.)....# ♣♣ ♣♣.######## ......#
♣#.## ## ......# ♣#.## #. ......#
♣♣♣♣♣♣♣ #.§####. ##.##)#
♣♣.....♣♣♣♣♣♣#..#....
#..#..###♣♣♣♣.............#...###
........#♣......@........###....#
..##.####.....................#.#
..##.##..........^.♣.....#....#.#
...........|..♣♣♣♣♣♣♣♣♣♣♣#.......
..##.####..♣♣♣♣ #....##. ..##.#
#♣♣♣ #....##. ####.# #.......
##.# #....#.. #..# ### #######.


There were no monsters in sight!

Vanquished Creatures
  the Royal Jelly (Slime:5)
  Dissolution (Slime:5)
  4 ancient liches
  5 dread liches
  A pandemonium lord (D:15)
  11 orbs of fire
  Mennas (Crypt:3)
  Boris (thrice) (Crypt:1 Depths:2 Depths:3)
  3 Killer Klowns
  Margery (Vaults:2)
  2 curse toes
  Nikola (Spider:3)
  3 caustic shrikes (Depths:4)
  8 golden dragons
  Norris (Elf:3)
  The ghost of gribnar the Skinwalker, a veteran OpSh of Gozag (Elf:3)
  3 bone dragons
  3 electric golems
  18 tentacled monstrosities
  Jorgrun (Spider:2)
  Zenata (Crypt:2)
  4 liches
  Asterion (Spider:2)
  7 titans
  25 Orb Guardians (Zot:5)
  2 deep elf blademasters (Elf:3)
  2 deep elf master archers (Elf:3)
  9 quicksilver dragons
  11 acid blobs
  15 death cobs
  11 sphinxes
  Polyphemus (Shoals:2)
  5 ancient champions
  20 storm dragons
  11 shadow dragons
  6 draconian monks
  2 revenants (Crypt:2)
  12 tengu reavers
  Donald (Spider:4)
  13 rockslimes
  Aizul (Spider:3)
  Kirke (Lair:3)
  A fire giant (Vaults:5)
  An azure jelly (shapeshifter) (Elf:3)
  9 draconian knights
  10 emperor scorpions
  9 vault wardens
  7 deep elf sorcerers
  3 iron dragons
  8 azure jellies (Slime:5)
  A curse skull (Crypt:2)
  7 draconian scorchers
  8 frost giants
  6 deep elf elementalists (Elf:3)
  10 draconian shifters
  5 ghost moths
  4 draconian stormcallers
  2 orc warlords
  A balrug (Depths:1)
  Louise (D:14)
  16 ironbound preservers
  A broodmother (shapeshifter) (Vaults:5)
  2 ghouls (Crypt:3)
  A quicksilver ooze (shapeshifter) (Vaults:5)
  3 cacodemons (Elf:3)
  12 stone giants
  14 very ugly things
  4 formless jellyfish
  10 quicksilver oozes
  3 draconian annihilators
  7 war gargoyles
  The ghost of Duttonia the Stormcaller, a journeyman MeWn of Gozag (Shoals:2)
  10 vampire knights
  8 ironbound thunderhulks
  Nessos (Lair:5)
  11 green draconians
  6 yellow draconians
  8 deep elf demonologists
  16 purple draconians
  8 white draconians
  The ghost of avis the Ripper, a journeyman FeSh of Gozag (Spider:1)
  11 black draconians
  7 deep elf annihilators
  3 demonspawn black suns (Zot:4)
  4 dire elephants
  A spark wasp (Spider:3)
  10 red draconians
  3 merfolk javelineers (Shoals:4)
  3 crystal guardians
  Snorg (D:11)
  7 deep elf death magi
  3 eidola
  10 ettins
  3 blizzard demons
  Josephine (Orc:2)
  5 entropy weavers
  8 fire dragons
  3 merfolk impalers
  8 deep elf high priests
  16 yaktaur captains
  7 jiangshi
  Erolcha (Orc:1)
  13 great orbs of eyes
  A sphinx zombie (Vaults:1)
  A spriggan air mage (Depths:4)
  3 ice dragons
  5 ogre magi
  30 vault guards
  4 peacekeepers
  4 hydras
  A quicksilver dragon skeleton (Crypt:3)
  A catoblepas (shapeshifter) (Vaults:5)
  4 spriggan skeletons (Crypt:1)
  2 rakshasas (Depths:3)
  5 radroaches
  5 merfolk aquamancers (Shoals:4)
  Erica (D:11)
  8 ironbound frosthearts
  An alligator (shapeshifter) (Vaults:2)
  A jorogumo (Spider:2)
  6 boulder beetles
  4 merfolk avatars
  15 two-headed ogres
  19 centaur warriors
  3 catoblepae
  21 dancing weapons
  A hell beast (Depths:1)
  2 hell hogs (Depths:4)
  2 death knights
  4 deep troll shamans
  3 satyrs
  12 death yaks
  9 tengu warriors
  4 vampire magi
  Urug (D:13)
  6 demonic crawlers
  5 death scarabs (Spider:4)
  A shock serpent (shapeshifter) (Vaults:2)
  9 deep troll earth magi
  2 alligator snapping turtles (Shoals:4)
  A spectral emperor scorpion (Spider:1)
  Sonja (D:11)
  3 orc high priests
  2 titan zombies (Crypt:1)
  24 deep elf knights
  Nergalle (Orc:1)
  A sun demon (Depths:4)
  2 spriggan berserkers (Depths:1)
  2 salamander mystics (Depths:4)
  6 soul eaters
  15 skeletal warriors
  7 hell knights
  10 pharaoh ants
  2 fire crabs
  7 iron trolls
  A bunyip zombie (Crypt:3)
  7 skysharks
  Lodul (D:14)
  4 glowing orange brains
  48 deep trolls
  5 flayed ghosts
  17 sea snakes
  A swamp dragon (shapeshifter) (Vaults:3)
  4 sun moths (Spider:4)
  11 phantasmal warriors
  10 deep elf archers
  12 lindwurms
  2 tengu zombies (Vaults:1)
  11 orb spiders
  A bog body (Crypt:3)
  An iron dragon zombie (Crypt:1)
  4 steelbarb worms
  4 wizards
  3 spectral broodmothers (Spider:1)
  Pikel (D:7)
  4 spectral jorogumos (Spider:1)
  3 spectral wolf spiders (Spider:4)
  18 ironbound convokers
  23 harpies
  6 necromancers
  An orange crystal statue (Depths:4)
  24 deep elf zephyrmancers
  14 wolf spiders
  33 ugly things
  4 shining eyes (Slime:5)
  2 orc knights (Orc:2)
  2 spectral radroaches (Spider:1)
  An orc sorcerer (Orc:2)
  A mana viper (shapeshifter) (Vaults:5)
  An oklob plant (Lair:5)
  14 fauns
  7 cyclopes
  31 moths of wrath
  29 deep elf pyromancers
  An iron dragon skeleton (Crypt:3)
  A manticore (shapeshifter) (Depths:4)
  27 manticores
  A salamander (shapeshifter) (Vaults:5)
  2 stone giant skeletons
  3 elf zombies
  2 centaur zombies (Crypt:1)
  10 merfolk sirens
  5 salamanders (Depths:4)
  Joseph (D:7)
  7 black mambas
  8 water nymphs
  2 rust devils (Depths:3)
  An ice statue (IceCv)
  An eye of devastation (Slime:2)
  3 molten gargoyles (Lair:5)
  A naga zombie (Crypt:1)
  A torpor snail (shapeshifter) (Vaults:4)
  20 elephants
  4 smoke demons (Depths:4)
  Jeremiah (D:7)
  2 gargoyles (D:12)
  22 vault sentinels
  9 cane toads
  A shock serpent skeleton (Crypt:2)
  3 unseen horrors (Depths:3)
  5 torpor snails
  3 large abominations (Depths:3)
  A cane toad (shapeshifter) (D:15)
  8 freezing wraiths
  4 naga skeletons
  A white draconian zombie (Crypt:2)
  Psyche (D:11)
  A hellion (Depths:4)
  A death yak zombie (Crypt:1)
  23 yaktaurs
  A spark wasp simulacrum (Spider:1)
  A steelbarb worm zombie (Crypt:3)
  A redback zombie (Spider:4)
  5 spectral redbacks (Spider:4)
  12 rime drakes
  2 tengu conjurers (Depths:3)
  7 komodo dragons
  2 ice devils (D:13)
  A red devil (Depths:3)
  6 meliai
  5 polar bears
  A queen bee (shapeshifter) (Elf:3)
  A meliai (shapeshifter) (Vaults:5)
  5 wind drakes
  A jorogumo simulacrum (Spider:1)
  19 merfolk
  2 spectral jumping spiders (Spider:4)
  19 tarantellas
  A hornet (D:8)
  A merfolk (shapeshifter) (Depths:1)
  4 trolls
  26 blink frogs
  A guardian serpent zombie (Crypt:3)
  2 tarantella zombies (Spider:4)
  A harpy skeleton (Crypt:3)
  A fire dragon zombie (Crypt:1)
  3 spectral tarantellas (Spider:4)
  11 snapping turtles
  6 dream sheep
  19 jumping spiders
  19 culicivoras
  An ettin skeleton (Crypt:1)
  A jumping spider zombie (Spider:4)
  A spriggan (shapeshifter) (Elf:3)
  10 wraiths
  7 flying skulls
  108 slime creatures
  18 water elementals
  2 air elementals (Elf:3)
  2 shadows
  2 hogs (Lair:3)
  9 vampires
  A fire bat (shapeshifter) (Elf:3)
  2 golden eyes (Slime:4)
  8 wyverns
  8 vampire mosquitoes
  45 yaks
  2 fire elementals
  46 redbacks
  2 neqoxecs
  A golden eye (shapeshifter) (Elf:2)
  6 basilisks
  5 chaos spawn (Depths:3)
  3 steam dragons
  7 wargs
  A two-headed ogre zombie (Crypt:3)
  2 acid dragons
  A glowing shapeshifter skeleton (Vaults:1)
  A glowing shapeshifter zombie (Vaults:1)
  20 water moccasins
  An entropy weaver zombie (Crypt:2)
  4 hell hounds (Lair:5)
  An ice beast (D:7)
  2 black bears
  A lindwurm zombie (Crypt:1)
  20 ogres
  29 orc warriors
  A snapping turtle zombie (Crypt:1)
  4 small abominations (Depths:3)
  32 wolves
  2 sky beasts
  A wolf (shapeshifter) (Elf:3)
  A boggart (Vaults:2)
  13 centaurs
  3 lemures (D:7)
  A phantom (D:7)
  A kobold brigand (D:10)
  13 bullfrogs
  4 necrophages (Crypt:3)
  A gnoll sergeant (D:6)
  A yaktaur skeleton (Crypt:3)
  2 earth elementals
  2 scorpions (D:5)
  23 wights
  A warg skeleton (Crypt:1)
  A yak skeleton (Crypt:2)
  An electric eel (Lair:2)
  8 howler monkeys
  A raiju skeleton (Crypt:2)
  5 jellies
  4 lava snakes (Lair:5)
  22 orc priests
  3 hounds
  3 gnoll boudas
  A jelly (shapeshifter) (Elf:3)
  2 sleepcaps
  4 iguanas
  35 orc wizards
  An ice beast zombie (Crypt:1)
  A deep dwarf skeleton (Crypt:3)
  A gnoll (shapeshifter) (Elf:3)
  23 gnolls
  A howler monkey skeleton (Crypt:2)
  4 adders
  4 shadow imps
  3 white imps
  An adder zombie (Crypt:2)
  A worm (D:2)
  A worm (shapeshifter) (Elf:3)
  2 dart slugs
  92 orcs
  2 bats
  7 endoplasms
  A giant cockroach (D:4)
  13 goblins
  4 hobgoblins
  A jackal (shapeshifter) (Elf:3)
  7 quokkas
  4 ball pythons
  5 frilled lizards
  A hobgoblin zombie (Crypt:2)
  14 kobolds
  5 rats
  A rat skeleton (Crypt:3)
  A river rat skeleton (Crypt:1)
  A spectral weapon (Spider:2)
2404 creatures vanquished.

Vanquished Creatures (collateral kills)
  A dread lich (Crypt:3)
  Sojobo (Vaults:2)
  Parghit (Depths:4)
  Arachne (Spider:3)
  A lich (Crypt:3)
  A tengu reaver (Vaults:2)
  A frost giant (Depths:4)
  2 ghouls (Crypt:3)
  A fire dragon (Lair:5)
  An entropy weaver (Spider:3)
  A death yak (IceCv)
  2 hell knights (Depths:4)
  An orb spider (Spider:3)
  A salamander (Depths:4)
  A tarantella (Spider:2)
  A redback (Spider:2)
18 creatures vanquished.

Vanquished Creatures (others)
  An ancient lich (Vaults:5)
  A fire giant (Depths:1)
  A merfolk aquamancer (Shoals:4)
  An alligator snapping turtle (Shoals:2)
  A soul eater (Depths:4)
  A sea snake (Shoals:2)
  A deep elf zephyrmancer (Elf:2)
  3 deep elf pyromancers
  A phantasmal warrior (Vaults:2)
  A manticore (Shoals:3)
  A snapping turtle (Shoals:2)
  3 redbacks (Spider:3)
  A black bear (D:8)
  A wolf (IceCv)
  An orc wizard (Orc:2)
19 creatures vanquished.

Grand Total: 2441 creatures vanquished

Notes
Turn   | Place    | Note
-------+----------+-------------------------------------------
     0 | D:1      | Hi5aMiFi the Minotaur Berserker began the quest for the
                  | Orb.
     0 | D:1      | Reached XP level 1. HP: 19/19 MP: 0/0
   401 | D:2      | Reached XP level 2. HP: 27/27 MP: 1/1
   670 | D:2      | Found a faded altar of an unknown god.
  1415 | D:3      | Reached XP level 3. HP: 33/34 MP: 2/2
  2016 | D:1      | Found Tysimnest's Antique Armour Shoppe.
  2228 | D:1      | Reached ** piety under Trog
  2592 | D:4      | Reached skill level 5 in Fighting
  2592 | D:4      | Reached skill level 1 in Shields
  2592 | D:4      | Reached XP level 4. HP: 41/42 MP: 3/3
  2698 | D:4      | Found Celun's Self-Published Books.
  2830 | D:4      | Reached XP level 5. HP: 37/48 MP: 4/4
  2932 | D:4      | Identified the +1 helmet of the Lich-sworn {Rampage}
  3234 | D:4      | Found Yrext's Magic Scroll Shop.
  3239 | D:4      | Bought 2 scrolls of identify for 52 gold pieces
  3263 | D:4      | Bought a scroll of identify for 26 gold pieces
  3464 | D:4      | Reached skill level 5 in Armour
  3654 | D:5      | Entered Level 5 of the Dungeon
  3736 | D:5      | Reached skill level 1 in Polearms
  3876 | D:5      | Found a glowing silver altar of Zin.
  3930 | D:5      | Reached XP level 6. HP: 47/56 MP: 5/5
  4014 | D:3      | Found Aroenij's Antique Armour Boutique.
  4291 | D:4      | Bought a scroll of identify for 26 gold pieces
  4291 | D:4      | Bought a scroll of teleportation for 39 gold pieces
  4418 | D:5      | Found a staircase to the Ecumenical Temple.
  4752 | D:5      | Reached *** piety under Trog
  4753 | D:5      | Reached XP level 7. HP: 61/61 MP: 6/6
  5062 | D:6      | Found Hep Wuegi's Jewellery Emporium.
  5086 | D:6      | Found Bokk's Distillery.
  5091 | D:6      | Found Xonau's Distillery.
  5104 | D:6      | Bought a potion of heal wounds for 55 gold pieces
  5159 | D:6      | Bought a potion of might for 44 gold pieces
  5277 | D:6      | Reached XP level 8. HP: 63/68 MP: 7/7
  5288 | D:6      | Reached skill level 5 in Polearms
  5447 | D:6      | Reached skill level 10 in Armour
  5904 | D:6      | Found Pyigacot's General Store.
  5994 | D:6      | Bought 3 scrolls of identify for 78 gold pieces
  6006 | D:6      | Found a hazy altar of Hepliaklqana.
  6016 | D:6      | Reached skill level 5 in Maces & Flails
  6145 | D:6      | Reached XP level 9. HP: 75/78 MP: 8/8
  6159 | D:6      | Reached **** piety under Trog
  6511 | D:7      | Found a flagged portal.
  6550 | Bailey   | Entered a bailey
  6608 | Bailey   | Reached skill level 1 in Throwing
  6646 | Bailey   | Noticed an orc warlord
  6799 | Bailey   | Found a runed translucent gate.
  6801 | Bailey   | Found a runed translucent gate.
  6802 | Bailey   | Found a runed translucent gate.
  7007 | Bailey   | Killed an orc warlord
  7066 | Bailey   | Reached XP level 10. HP: 95/95 MP: 9/9
  7183 | D:7      | Noticed Joseph
  7197 | D:7      | Killed Joseph
  7198 | D:7      | Reached skill level 10 in Axes
  7326 | D:7      | Reached XP level 11. HP: 94/102 MP: 10/10
  7467 | D:7      | Noticed Pikel
  7475 | D:7      | Killed Pikel
  7560 | D:7      | Found Doahim's Weapon Emporium.
  7889 | D:7      | Noticed Jeremiah
  7921 | D:7      | Killed Jeremiah
  8027 | D:7      | Found a sparkling altar of Nemelex Xobeh.
  8027 | D:7      | Found a white marble altar of Elyvilon.
  8125 | D:4      | Bought a scroll of enchant weapon for 97 gold pieces
  8210 | D:8      | Noticed a boulder beetle
  8211 | D:8      | Found a hide-covered altar of Uskayaw.
  8218 | D:8      | Killed a boulder beetle
  8424 | D:8      | Identified the +6 whip of the Incandescent {venom, rElec
                  | Str+4 Stlth+}
  8915 | D:8      | Found a glowing golden altar of the Shining One.
  8939 | D:8      | Found a bloodstained altar of Trog.
  9098 | D:9      | Noticed a two-headed ogre
  9106 | D:9      | Killed a two-headed ogre
  9398 | D:9      | Reached skill level 5 in Throwing
  9448 | D:9      | Reached ***** piety under Trog
  9467 | D:9      | Identified the +2 dire flail of Skirmishing {flame, Will+}
                  | (Trog gifted it to you on level 9 of the Dungeon)
  9467 | D:9      | Received a gift from Trog
 10169 | D:10     | Entered Level 10 of the Dungeon
 10293 | D:10     | Found a staircase to the Orcish Mines.
 10891 | D:10     | You fall into a shaft and drop 1 floor!
 10947 | D:10     | Found a blossoming altar of Fedhas.
 11159 | D:11     | Noticed a fire crab
 11169 | D:11     | Killed a fire crab
 11179 | D:11     | Noticed a cyan ugly thing
 11179 | D:11     | Noticed Sonja
 11193 | D:11     | Killed a cyan ugly thing
 11194 | D:11     | Reached XP level 12. HP: 95/110 MP: 11/11
 11200 | D:11     | Killed Sonja
 11324 | D:11     | Found a staircase to the Lair.
 11859 | D:11     | Noticed Snorg
 11866 | D:11     | Noticed Psyche
 11875 | D:11     | Noticed Erica
 12015 | D:12     | Noticed a two-headed ogre
 12021 | D:12     | Killed a two-headed ogre
 12043 | D:12     | Received a gift from Trog
 12404 | D:12     | Found a hide-covered altar of Uskayaw.
 12539 | D:12     | Reached skill level 15 in Axes
 13278 | D:11     | Killed Snorg
 13378 | D:11     | Killed Erica
 13723 | D:11     | Killed Psyche
 13853 | Lair:1   | Entered Level 1 of the Lair of Beasts
 13990 | Lair:1   | Reached XP level 13. HP: 115/116 MP: 12/12
 15342 | D:1      | Bought a glowing plate armour for 572 gold pieces
 15769 | Lair:2   | Found a hole to the Spider Nest.
 16051 | Lair:2   | Found a staircase to the Shoals.
 16355 | Lair:3   | Reached skill level 10 in Throwing
 17054 | Lair:3   | Noticed Kirke
 17063 | Lair:3   | Killed Kirke
 17123 | Lair:3   | Received a gift from Trog
 17859 | D:1      | Bought a pair of spiked gloves for 209 gold pieces
 17859 | D:1      | Identified the -2 pair of gloves of Hopscotch {Will+} (You
                  | bought it in a shop on level 1 of the Dungeon)
 18248 | Lair:4   | Reached skill level 15 in Fighting
 18391 | Lair:4   | Reached XP level 14. HP: 131/135 MP: 13/13
 19018 | Lair:5   | Entered Level 5 of the Lair of Beasts
 19019 | Lair:5   | Noticed Nessos
 19230 | Lair:5   | Reached skill level 5 in Shields
 19475 | Lair:5   | Killed Nessos
 19708 | Lair:5   | Found a staircase to the Slime Pits.
 19977 | Lair:5   | Reached skill level 10 in Shields
 19983 | Lair:5   | Reached ****** piety under Trog
 20757 | Lair:5   | Found a large runed translucent door.
 20883 | Lair:5   | Received a gift from Trog
 20956 | Lair:5   | Found a large runed translucent door.
 21473 | D:13     | Found a frozen archway.
 21487 | IceCv    | Entered an ice cave
 21630 | IceCv    | Reached XP level 15. HP: 123/141 MP: 14/14
 21898 | IceCv    | Noticed a frost giant
 21906 | IceCv    | Killed a frost giant
 22302 | D:13     | Received a gift from Trog
 22544 | D:13     | Noticed Urug
 22556 | D:13     | Killed Urug
 22781 | D:13     | Found a gate to the Vaults.
 22849 | D:13     | Reached skill level 15 in Shields
 23215 | D:13     | Found a runed translucent door.
 23215 | D:13     | Noticed a sphinx
 23217 | D:13     | Noticed a tengu reaver
 23217 | D:13     | Identified the +7 dire flail "Giss" {flame, Dex+3 Stlth+}
 23217 | D:13     | Noticed a tengu reaver
 23217 | D:13     | Noticed a frost giant
 23217 | D:13     | Noticed a storm dragon
 23660 | D:6      | Bought the ring "Guesihia" {rPois Will+ Str-3 Int+2 Dex+6}
                  | for 557 gold pieces
 23914 | D:14     | Noticed Louise
 23932 | D:14     | Killed Louise
 24360 | D:14     | Noticed Lodul
 24373 | D:14     | Killed Lodul
 24976 | Orc:1    | Entered Level 1 of the Orcish Mines
 25186 | Orc:1    | You fall into a shaft and drop 1 floor!
 25186 | Orc:2    | Entered Level 2 of the Orcish Mines
 25186 | Orc:2    | Found Omic's Antique Armour Boutique.
 25186 | Orc:2    | Found Ysutil's Antique Weapon Shop.
 25229 | Orc:2    | Found Xeshydyo's Assorted Antiques.
 25417 | Orc:2    | Received a gift from Trog
 25534 | Orc:2    | Found a staircase to the Elven Halls.
 25548 | Orc:1    | Noticed Nergalle
 25551 | Orc:1    | Killed Nergalle
 25559 | Orc:1    | Noticed Erolcha
 25566 | Orc:1    | Killed Erolcha
 25931 | Orc:2    | Noticed Josephine
 25945 | Orc:2    | Killed Josephine
 25945 | Orc:2    | Received a gift from Trog
 26252 | Orc:2    | Found Yclisieri's Antique Armour Shop.
 26679 | Orc:2    | Bought a pair of heavily runed gloves for 266 gold pieces
 26679 | Orc:2    | Identified the +0 pair of gloves of the Merwolf {rN++
                  | Int+3} (You bought it in a shop on level 2 of the Orcish
                  | Mines)
 26737 | Orc:2    | Bought an embroidered cloak for 180 gold pieces
 26795 | Orc:2    | Bought a glowing war axe for 182 gold pieces
 26947 | D:6      | Bought a potion of might for 44 gold pieces
 26947 | D:6      | Bought a potion of might for 44 gold pieces
 26947 | D:6      | Bought a potion of attraction for 33 gold pieces
 27365 | D:6      | Bought a scroll of teleportation for 39 gold pieces
 27365 | D:6      | Bought a scroll of teleportation for 39 gold pieces
 27418 | D:6      | Bought a potion of heal wounds for 70 gold pieces
 27418 | D:6      | Bought a potion of heal wounds for 70 gold pieces
 27418 | D:6      | Bought a potion of might for 56 gold pieces
 27604 | Spider:1 | Entered Level 1 of the Spider Nest
 27739 | Spider:1 | Reached XP level 16. HP: 149/149 MP: 15/15
 27773 | Spider:1 | Identified the +11 broad axe "Killer Klown's Foe" {flame,
                  | Str+2} (Trog gifted it to you on level 1 of the Spider
                  | Nest)
 27773 | Spider:1 | Received a gift from Trog
 27783 | Spider:1 | Reached skill level 15 in Armour
 28433 | Spider:1 | Found a runed translucent gate.
 28434 | Spider:1 | Found a runed translucent gate.
 28435 | Spider:1 | Found a runed translucent gate.
 28436 | Spider:1 | Noticed avis's ghost (journeyman FeSh)
 28702 | Spider:2 | Noticed Asterion
 28711 | Spider:2 | Killed Asterion
 28830 | Spider:2 | Received a gift from Trog
 29099 | Spider:2 | Noticed Jorgrun
 29108 | Spider:2 | Killed Jorgrun
 29982 | Spider:3 | Received a gift from Trog
 30583 | Spider:3 | Noticed Arachne
 30600 | Spider:3 | Killed Arachne
 30850 | Spider:3 | Noticed Aizul
 30870 | Spider:3 | Killed Aizul
 30931 | Spider:3 | Identified the -1 pair of gloves "Elluom" {Rampage Int+2}
 30931 | Spider:3 | Noticed Nikola
 30951 | Spider:3 | Killed Nikola
 31246 | Spider:4 | Entered Level 4 of the Spider Nest
 31535 | Spider:4 | Reached XP level 17. HP: 152/156 MP: 16/16
 31769 | Spider:4 | Noticed Donald
 31818 | Spider:4 | Killed Donald
 32132 | Spider:4 | Received a gift from Trog
 33341 | Spider:4 | Got a gossamer rune of Zot
 33650 | Spider:1 | Killed avis's ghost
 33995 | D:6      | Bought a potion of might for 56 gold pieces
 33995 | D:6      | Bought 2 potions of attraction for 84 gold pieces
 34048 | D:6      | Bought a wand of roots (3) for 93 gold pieces
 34048 | D:6      | Bought a wand of roots (4) for 124 gold pieces
 34233 | Shoals:1 | Entered Level 1 of the Shoals
 34302 | Shoals:1 | Received a gift from Trog
 34686 | Shoals:1 | Identified the +5 dagger of Cheese {elec, rCorr Str+2}
 34931 | Shoals:2 | Noticed Polyphemus
 35099 | Shoals:2 | Killed Polyphemus
 35307 | Shoals:2 | Found a transporter.
 35310 | Shoals:2 | Identified a scroll of acquirement
 35317 | Shoals:2 | Acquired the ring of Butchery {rElec Will+ EV+5 Dex+5}
 35355 | Shoals:2 | Found a transporter.
 35358 | Shoals:2 | Noticed Duttonia's ghost (journeyman MeWn)
 35450 | Shoals:2 | Reached XP level 18. HP: 146/166 MP: 17/17
 35671 | Shoals:2 | Received a gift from Trog
 35955 | Shoals:2 | Killed Duttonia's ghost
 35986 | Shoals:2 | Identified the amulet of a Hundred Knives {Reflect Rampage
                  | Fragile rPois SH+5 SInv}
 36207 | Shoals:3 | Found Sidiq's Assorted Antiques.
 36244 | Shoals:3 | Bought a scroll of vulnerability for 144 gold pieces
 36976 | Shoals:4 | Entered Level 4 of the Shoals
 36980 | Shoals:4 | Found Mausirut's One-of-a-Kind Rings.
 37292 | Shoals:4 | Identified the +9 war axe of Yredelemnul's Outrage {freeze,
                  | Int+3}
 37766 | Shoals:4 | Received a gift from Trog
 38096 | Shoals:4 | Got a barnacled rune of Zot
 38707 | Vaults:1 | Entered Level 1 of the Vaults
 39079 | Vaults:1 | Reached XP level 19. HP: 145/181 MP: 18/18
 39111 | Vaults:1 | Received a gift from Trog
 40244 | Vaults:1 | Found Lennu's Weapon Shop.
 40622 | Vaults:2 | Received a gift from Trog
 40623 | Vaults:2 | Noticed Sojobo
 40631 | Vaults:2 | Killed Sojobo
 40811 | Vaults:2 | Found Zuedaaq's Book Shop.
 40928 | Vaults:2 | Noticed Margery
 40951 | Vaults:2 | Killed Margery
 41348 | Vaults:2 | Reached skill level 5 in Evocations
 42169 | Vaults:2 | Noticed a bone dragon
 42170 | Vaults:2 | Found a staircase to the Crypt.
 42182 | Vaults:2 | Killed a bone dragon
 42307 | Vaults:2 | Received a gift from Trog
 42542 | Vaults:2 | Found a transporter.
 42578 | Vaults:2 | Found a transporter.
 43324 | Vaults:3 | Reached XP level 20. HP: 193/193 MP: 19/19
 44264 | Vaults:4 | Identified the +2 hand axe of Resumed Hostilities {flame,
                  | rC+} (Trog gifted it to you on level 4 of the Vaults)
 44264 | Vaults:4 | Received a gift from Trog
 44320 | Vaults:4 | Found Qecoodak's Distillery.
 44328 | Vaults:4 | Bought a potion of haste for 190 gold pieces
 45073 | Vaults:4 | Identified the ring "Lumih" {Fire rPois Str+4 Dex+4}
 45112 | Vaults:4 | Reached skill level 15 in Throwing
 45856 | Vaults:4 | Received a gift from Trog
 46018 | D:15     | Entered Level 15 of the Dungeon
 46502 | D:15     | Found a staircase to the Depths.
 46976 | Elf:1    | Entered Level 1 of the Elven Halls
 47369 | Elf:1    | You fall into a shaft and drop 1 floor!
 47470 | Elf:2    | Reached XP level 21. HP: 192/202 MP: 6/20
 47773 | Elf:2    | Found a runed translucent gate.
 47778 | Elf:2    | Found a runed translucent gate.
 47778 | Elf:2    | Found a runed translucent gate.
 47963 | Elf:2    | Received a gift from Trog
 48092 | Elf:2    | Found Tubes's Antique Armour Shop.
 48092 | Elf:2    | Found Ydauz's Book Boutique.
 48112 | Elf:2    | Found Caudoumi's Antique Armour Boutique.
 48122 | Elf:2    | Found Doppug's Antique Armour Shop.
 48154 | Elf:2    | Found Odubb's Assorted Antiques.
 48512 | Elf:1    | Received a gift from Trog
 49236 | Elf:3    | Entered Level 3 of the Elven Halls
 49236 | Elf:3    | Noticed Norris
 49402 | Elf:3    | Paralysed by an air elemental for 1 turns
 49573 | Elf:3    | Killed Norris
 49575 | Elf:3    | Paralysed by an air elemental for 1 turns
 49755 | Elf:3    | Found a runed translucent gate.
 49755 | Elf:3    | Found a runed translucent gate.
 49755 | Elf:3    | Found a runed translucent gate.
 49970 | Elf:3    | Received a gift from Trog
 50299 | Elf:3    | Identified the +8 falchion "Wohole" {heavy, rF- rN+ Dex+3
                  | SInv}
 50299 | Elf:3    | Identified the ring of Roaqiguec {rCorr Str+3 Slay+5
                  | Stlth-}
 50332 | Elf:3    | Found the +6 lightning scales {swift, rElec}
 50377 | Elf:3    | Identified the ring of Sagefeb {+Blink rC- rCorr Dex+6}
 50420 | Elf:3    | Identified the +10 rapier "Ebag Ank" {heavy, rElec}
 50420 | Elf:3    | Identified the ring of Giaprez {Wiz rPois rF- rN+ Will++}
 50420 | Elf:3    | Found the +3 pair of seven-league boots {Rampage+∞}
 50440 | Elf:3    | Identified the staff "Naaqiom" {Fragile +Blink rN+ Str+9
                  | Earth}
 50441 | Elf:3    | Identified the ring of Loykyil {rF+ rN+ rCorr}
 50460 | Elf:3    | Identified the +0 pair of boots of Unlahyx {-Tele rElec
                  | Dex+4 SInv}
 50678 | Elf:3    | Received a gift from Trog
 50700 | Elf:3    | Found a runed translucent gate.
 50700 | Elf:3    | Found a runed translucent gate.
 50703 | Elf:3    | Noticed gribnar's ghost (veteran OpSh)
 50706 | Elf:3    | Found a runed translucent gate.
 50727 | Elf:3    | Gained mutation: You do not regenerate when monsters are
                  | visible. [a cacodemon]
 50729 | Elf:3    | Gained mutation: You have an increased reservoir of magic.
                  | (+10% MP) [a cacodemon]
 50783 | Elf:3    | Killed gribnar's ghost
 50908 | Elf:3    | Identified the +2 pair of boots of Lyharam {Stlth+}
 50975 | Elf:3    | Gained mutation: Armour fits poorly on your strangely
                  | shaped body. [mutagenic glow]
 51043 | Elf:3    | Lost mutation: Armour fits poorly on your strangely shaped
                  | body. [potion of mutation]
 51043 | Elf:3    | Lost mutation: You do not regenerate when monsters are
                  | visible. [potion of mutation]
 51043 | Elf:3    | Gained mutation: Your muscles are strong. (Str +4, Int/Dex
                  | -1) [potion of mutation]
 51307 | Crypt:1  | Entered Level 1 of the Crypt
 51377 | Crypt:1  | Reached XP level 22. HP: 224/224 MP: 8/23
 51496 | Crypt:1  | Noticed Boris
 51511 | Crypt:1  | Killed Boris
 51795 | Crypt:1  | You fall into a shaft and drop 1 floor!
 51827 | Crypt:2  | Received a gift from Trog
 52740 | Crypt:2  | Received a gift from Trog
 52858 | Crypt:2  | Noticed Zenata
 52871 | Crypt:2  | Killed Zenata
 53165 | Crypt:3  | Entered Level 3 of the Crypt
 53412 | Crypt:3  | Noticed Mennas
 53423 | Crypt:3  | Killed Mennas
 53720 | Crypt:3  | Received a gift from Trog
 53727 | Crypt:3  | Reached skill level 10 in Evocations
 53842 | Crypt:3  | Found a staircase to the Tomb.
 54083 | Crypt:3  | Noticed a dread lich
 54094 | Crypt:3  | Noticed a dread lich
 54094 | Crypt:3  | Noticed an ancient lich
 54571 | Crypt:3  | Killed a dread lich
 54577 | Crypt:3  | Killed a dread lich
 54581 | Crypt:3  | Killed an ancient lich
 54597 | Crypt:3  | Identified the ring of Hufud {rF+ rN+ Dex+3}
 54597 | Crypt:3  | Identified the ring "Gialouk" {Contam rF++ rN+}
 54607 | Crypt:3  | Identified the +2 falchion of Extremism {freeze, rF+ Dex+4}
 54610 | Crypt:3  | Identified the staff "Xakhlul" {rPois Str-2 Int+4 Dex+3
                  | Tloc Poison}
 55077 | Slime:1  | Entered Level 1 of the Pits of Slime
 55337 | Slime:5  | Entered Level 5 of the Pits of Slime
 55450 | Slime:5  | Received a gift from Trog
 55458 | Slime:5  | Noticed the Royal Jelly
 55471 | Slime:5  | Reached XP level 23. HP: 223/234 MP: 24/24
 55471 | Slime:5  | Found a viscous altar of Jiyva.
 55536 | Slime:5  | Killed the Royal Jelly
 55673 | Slime:5  | Identified the +0 leather armour of the Enchanted Forest
                  | {Drain rPois Int+3}
 55769 | Slime:5  | Found the +8 whip "Snakebite" {venom, curare, rPois}
 55774 | Slime:5  | Identified the ring "Osoghub" {Str+3 SInv}
 55777 | Slime:5  | Identified the +0 leather armour of Demons {rPois}
 55778 | Slime:5  | Identified the ring of Jonison {rC+ rN+ AC+4}
 55844 | Slime:5  | Noticed Dissolution
 55856 | Slime:5  | Killed Dissolution
 55873 | Slime:5  | Got a slimy rune of Zot
 55900 | Slime:5  | Gained mutation: You are frail. (-10% HP) [a shining eye]
 55901 | Slime:5  | Gained mutation: You are clumsy. (Dex -2) [a shining eye]
 56298 | Lair:5   | Lost mutation: You have an increased reservoir of magic.
                  | (+10% MP) [potion of mutation]
 56298 | Lair:5   | Lost mutation: You are frail. (-10% HP) [potion of
                  | mutation]
 56298 | Lair:5   | Gained mutation: You are covered in fur. (AC +1) [potion of
                  | mutation]
 56298 | Lair:5   | Lost mutation: Your muscles are strong. (Str +4, Int/Dex
                  | -1) [potion of mutation]
 56298 | Lair:5   | Lost mutation: You are clumsy. (Dex -2) [potion of
                  | mutation]
 56298 | Lair:5   | Gained mutation: You have a somewhat thin skeletal
                  | structure. (Dex +2, Stealth+) [potion of mutation]
 56614 | D:13     | Identified the +6 chain mail of Vlad {rC+ Stlth+}
 56618 | D:13     | Identified the +1 orcbow "Lesa" {flame, rPois rF+ rN+}
 56705 | Depths:1 | Entered Level 1 of the Depths
 56710 | Depths:1 | Found a one-way gate to the infinite horrors of the Abyss.
 56985 | Depths:1 | Found Nuybeub's Magic Scroll Shop.
 56987 | Depths:1 | Found Cuigeely's Jewellery Boutique.
 56990 | Depths:1 | Found Hexteg's Distillery.
 56998 | Depths:1 | Found a one-way gate leading to the halls of Pandemonium.
 57002 | Depths:1 | Received a gift from Trog
 57085 | Depths:1 | Found a gateway to Hell.
 57900 | Depths:2 | Noticed Boris
 58051 | Depths:2 | Found Qeureseff's Armour Shop.
 58067 | Depths:2 | Found Ceczy Got's Jewellery Shoppe.
 58241 | Depths:2 | Identified the +3 great sword "Bakiselett" {heavy, Str-3
                  | Dex+4 Stlth+}
 58263 | Depths:2 | Found a one-way gateway to a ziggurat.
 58309 | Depths:2 | Killed Boris
 58624 | Depths:2 | Found an ornate altar of the Wu Jian Council.
 58788 | Depths:2 | Identified the +1 robe of Conscience {Rampage rC- Regen+
                  | Int-5}
 58928 | Depths:3 | Noticed Boris
 58945 | Depths:3 | Killed Boris
 58950 | Depths:3 | You fall into a shaft and drop 1 floor!
 58950 | Depths:4 | Entered Level 4 of the Depths
 59007 | Depths:4 | Received a gift from Trog
 59008 | Depths:4 | Reached skill level 15 in Evocations
 59281 | Depths:4 | Noticed Parghit
 59295 | Depths:4 | Killed Parghit
 59754 | Depths:3 | Reached XP level 24. HP: 243/243 MP: 8/22
 60490 | Depths:4 | Received a gift from Trog
 60539 | Depths:4 | Identified the +10 whip "Rufaskoq" {vamp, rN+ Will+ Dex+3}
 61090 | Depths:4 | Found a gate to the Realm of Zot.
 62048 | Shoals:4 | Bought a +9 ring of slaying for 4965 gold pieces
 62375 | Vaults:5 | Entered Level 5 of the Vaults
 62442 | Vaults:5 | Identified the ring "Kackawk" {Str+4 Int+6}
 62447 | Vaults:5 | Identified the +13 plate armour of the Equator {rN+ Int+5}
 62754 | Vaults:5 | Received a gift from Trog
 62763 | Vaults:5 | Identified the +7 morningstar of Hubris {freeze, rPois
                  | Str+5 Dex-5 SInv}
 62764 | Vaults:5 | Reached skill level 27 in Fighting
 62821 | Vaults:5 | Identified the amulet "Texunivu" {Reflect rElec rCorr Str-3
                  | Slay+5 SH+5}
 62865 | Vaults:5 | Noticed a dread lich
 62876 | Vaults:5 | Killed a dread lich
 63031 | Vaults:5 | Noticed an ancient lich
 63039 | Vaults:5 | Killed an ancient lich
 63163 | Vaults:5 | Identified the +9 swamp dragon scales "Ysiseank" {rPois
                  | Int+3}
 63210 | Vaults:5 | Identified the +6 scale mail "Moedo" {Regen+ rCorr Str-5}
 63438 | Vaults:5 | Identified the +0 rapier "Nonlurr" {vamp, Str+4}
 63531 | Vaults:5 | Reached XP level 25. HP: 249/257 MP: 7/22
 63532 | Vaults:5 | Noticed an ancient lich
 63539 | Vaults:5 | Killed an ancient lich
 63583 | Vaults:5 | Received a gift from Trog
 64019 | Vaults:5 | Identified the +8 great mace of Poalus {spect, Fly rN+
                  | MP-9}
 64053 | Vaults:5 | Noticed a dread lich
 64069 | Vaults:5 | Killed a dread lich
 64148 | Vaults:5 | Identified the +11 flail of Defiance {venom, rElec rC+
                  | rCorr Int-5}
 64148 | Vaults:5 | Identified the +0 buckler "Fytycvou" {Harm +Inv Str-2}
 64163 | Vaults:5 | Identified the +2 war axe of Stained Absolution {freeze,
                  | Drain rElec Str+4}
 64169 | Vaults:5 | Noticed an ancient lich
 64180 | Vaults:5 | Killed an ancient lich
 64239 | Vaults:5 | Got a silver rune of Zot
 64250 | Vaults:5 | Identified the +0 pair of boots of Conscience {Will+
                  | Slay+3}
 64437 | Vaults:5 | Identified the staff "Vyrgh" {Contam rN+ Will++ Str+4 SInv
                  | Necro}
 64707 | Depths:1 | Bought a potion of might for 76 gold pieces
 64707 | Depths:1 | Bought a potion of heal wounds for 95 gold pieces
 64707 | Depths:1 | Bought a potion of haste for 190 gold pieces
 64707 | Depths:1 | Bought a potion of heal wounds for 95 gold pieces
 64707 | Depths:1 | Bought a potion of resistance for 190 gold pieces
 64950 | Elf:2    | Bought a scroll of fog for 140 gold pieces
 65255 | Zot:1    | Entered Level 1 of the Realm of Zot
 65932 | Zot:1    | Received a gift from Trog
 66836 | Zot:2    | Noticed an orb of fire
 66844 | Zot:2    | Killed an orb of fire
 66887 | Zot:2    | Reached skill level 27 in Armour
 67122 | Zot:2    | Noticed an orb of fire
 67136 | Zot:2    | Killed an orb of fire
 67231 | Zot:2    | Found a runed translucent gate.
 67232 | Zot:2    | Found a runed translucent gate.
 67233 | Zot:2    | Found a runed translucent gate.
 67238 | Zot:2    | Noticed Vyqe's ghost (master MfIE)
 67687 | Zot:3    | Reached skill level 27 in Shields
 67691 | Zot:3    | Received a gift from Trog
 67959 | Zot:3    | Reached skill level 5 in Dodging
 67969 | Zot:3    | Reached XP level 26. HP: 254/266 MP: 7/22
 68474 | Vaults:2 | Received a gift from Trog
 68537 | Vaults:2 | Identified the amulet "Udopef" {RegenMP -Tele rN++ Str+5
                  | Int-3}
 68569 | Vaults:2 | Identified the ring "Fibahu" {Fly Str+3}
 69675 | Zot:4    | Noticed an orb of fire
 69687 | Zot:4    | Killed an orb of fire
 69820 | Zot:4    | Identified the +4 dagger of Nazonar {drain, rN+ Will+}
 70131 | Zot:5    | Entered Level 5 of the Realm of Zot
 70161 | Zot:5    | Noticed an orb of fire
 70168 | Zot:5    | Killed an orb of fire
 70515 | Zot:5    | Received a gift from Trog
 70756 | Zot:5    | Noticed an orb of fire
 70756 | Zot:5    | Gained mutation: You sometimes lose your temper in combat.
                  | [an orb of fire]
 70770 | Zot:5    | Killed an orb of fire
 70775 | Zot:5    | Lost mutation: You sometimes lose your temper in combat.
                  | [potion of mutation]
 70775 | Zot:5    | Lost mutation: You have a somewhat thin skeletal structure.
                  | (Dex +2, Stealth+) [potion of mutation]
 70775 | Zot:5    | Gained mutation: You occasionally lose the ability to drink
                  | potions when taking damage. [potion of mutation]
 70775 | Zot:5    | Gained mutation: You are agile. (Dex +4, Str/Int -1)
                  | [potion of mutation]
 70776 | Zot:5    | Lost mutation: You are covered in fur. (AC +1) [potion of
                  | mutation]
 70776 | Zot:5    | Lost mutation: You occasionally lose the ability to drink
                  | potions when taking damage. [potion of mutation]
 70776 | Zot:5    | Gained mutation: Your muscles are strong. (Str +4, Int/Dex
                  | -1) [potion of mutation]
 70776 | Zot:5    | Lost mutation: You are agile. (Dex +4, Str/Int -1) [potion
                  | of mutation]
 70776 | Zot:5    | Gained mutation: You sometimes lose your temper in combat.
                  | [potion of mutation]
 70777 | Zot:5    | Lost mutation: Your muscles are strong. (Str +4, Int/Dex
                  | -1) [potion of mutation]
 70777 | Zot:5    | Lost mutation: You sometimes lose your temper in combat.
                  | [potion of mutation]
 70777 | Zot:5    | Gained mutation: Your natural rate of healing is unusually
                  | fast. [potion of mutation]
 70777 | Zot:5    | Gained mutation: You are weak. (Str -2) [potion of
                  | mutation]
 70777 | Zot:5    | Gained mutation: You are partially covered in iridescent
                  | scales. (AC +2) [potion of mutation]
 70893 | Zot:5    | Noticed an ancient lich
 71268 | Zot:5    | Noticed a dread lich
 71278 | Zot:5    | Killed a dread lich
 71287 | Zot:5    | Noticed an orb of fire
 71291 | Zot:5    | Killed an ancient lich
 71297 | Zot:5    | Gained mutation: You are very weak. (Str -4) [an orb of
                  | fire]
 71299 | Zot:5    | Killed an orb of fire
 71306 | Zot:5    | Noticed a dread lich
 71320 | Zot:5    | Killed a dread lich
 71420 | Zot:5    | Reached XP level 27. HP: 245/273 MP: 7/22
 71421 | Zot:5    | Noticed an orb of fire
 71427 | Zot:5    | Killed an orb of fire
 71449 | Zot:5    | Noticed an orb of fire
 71455 | Zot:5    | Killed an orb of fire
 71455 | Zot:5    | Noticed an orb of fire
 71466 | Zot:5    | Killed an orb of fire
 71496 | Zot:5    | Noticed an orb of fire
 71499 | Zot:5    | Gained mutation: Your spells are a little easier to cast,
                  | but a little less powerful. [an orb of fire]
 71504 | Zot:5    | Killed an orb of fire
 71533 | Zot:5    | Noticed an orb of fire
 71538 | Zot:5    | Killed an orb of fire
 71685 | Zot:5    | Got the Orb of Zot
 71921 | D:15     | Noticed Engenk the pandemonium lord
 71930 | D:15     | Killed Engenk the pandemonium lord
 72178 | D:$      | Escaped with the Orb!

Illustrated notes

Levels and vault maps discovered:
D:1:      roderic_dead_forest, layout_rooms, serial_shops, shop
D:2:      layout_loops_ring, hellmonk_ecumenical_altar_zigzags
D:3:      layout_basic, serial_shops, nicolae_lakefront_shop
D:4:      layout_basic, serial_shops, nicolae_shop_hallway_plus, serial_curves,
          eino_curves_04, eino_curves_04, nicolae_custom_books, minivault_1,
          minmay_distorted
D:5:      layout_rooms, zin_academy, minmay_temple_entry_junction_2
D:6:      layout_basic, mainiacjoe_overflow_paths, serial_shops, shop, shop,
          nicolae_shop_trees, shop
D:7:      layout_basic, gammafunk_temple_overflow_wave, serial_shops,
          nicolae_shop_peninsula, enter_bailey_5, grunt_ministairs_14,
          uniq_joseph, uniq_pikel, uniq_jeremiah
D:8:      layout_basic, lemuel_tele_altar, mainiacjoe_overflow_swirl,
          kennysheep_generic_room_16
D:9:      layout_stronghold, nicolae_benzene_ring
D:10:     layout_basic, mainiacjoe_overflow_24_doors, david_orc_1_choice
D:11:     layout_basic, minmay_lair_entry_lava, uniq_erica, uniq_psyche,
          uniq_snorg, uniq_sonja
D:12:     layout_roguey, nicolae_uskayaw_murder_on_the_dancefloor
D:13:     minmay_gate_of_8, layout_loops_corners,
          hellmonk_vaults_order_and_chaos, portal_ice_cave_demonic_guard,
          uniq_urug
D:14:     layout_irregular_city, serial_glass, glass_columns_a, glass_columns_b,
          kennysheep_small_circle, uniq_lodul, uniq_louise
D:15:     grunt_enter_depths_hoard, layout_basic
Lair:1:   layout_chaotic_city
Lair:2:   layout_roguey, minmay_shoals_entry_hut, spider_nest_entry_a
Lair:3:   layout_cave_pods, uniq_kirke
Lair:4:   layout_cave_shapes, st_stairs_13, lemuel_fruit_fields
Lair:5:   cheibrodos_lair_end_hotspot, layout_small_grid,
          minmay_slime_entry_oklob_open, serial_bayou_shore_b, uniq_nessos
Shoals:1: layout_shoals
Shoals:2: layout_shoals, gammafunk_ghost_berserking_beasts, uniq_polyphemus
Shoals:3: layout_shoals, serial_shops, nicolae_shop_tiny_glass
Shoals:4: shoals_end_simple, layout_shoals, nicolae_shop_unique_rings
Spider:1: layout_spider_delve, gammafunk_ghost_necromancy
Spider:2: layout_spider_delve, uniq_asterion, uniq_jorgrun
Spider:3: layout_spider_delve, uniq_arachne, uniq_nikola, uniq_aizul
Spider:4: floodkiller_spider_rune_tomb, nicolae_spider_solar_radiation,
          uniq_donald
Slime:1:  layout_caves
Slime:2:  layout_caves
Slime:3:  layout_caves
Slime:4:  layout_caves, special_room [special_room_jelly]
Slime:5:  slime_pit_nicolae_jellycorners, uniq_dissolution
Orc:1:    layout_caves, uniq_erolcha, uniq_nergalle
Orc:2:    grunt_orc_community_town_hall, layout_caves,
          grunt_orc_community_big_house_1, grunt_orc_community_big_house_2,
          grunt_orc_community_house_1, grunt_orc_community_house_3,
          grunt_orc_community_house_3, grunt_orc_community_house_3,
          grunt_orc_community_house_1, grunt_orc_community_house_2,
          uniq_josephine
Elf:1:    nicolae_elf_arrival_fired_up, layout_loops_corners,
          minmay_elf_sorcery, grunt_ministairs_12
Elf:2:    nicolae_elf_blades_crystal_corner, layout_gridlike, serial_shops,
          nicolae_square_shop, minmay_shoptagon
Elf:3:    elf_hall, layout_geoelf_diagonals,
          ploomutoo_gammafunk_ghost_potion_laboratory, uniq_norris
Vaults:1: nicolae_vaults_sightless_eye, nicolae_vaults_ninety_degrees,
          nicolae_vaults_surprise_closet, ontoclasm_vaults_gateway,
          hangedman_vaults_variations, nicolae_vaults_little_squares_5,
          v_alt_pattern_4, grunt_vaults_hallway_long, v_misc_16,
          nicolae_vaults_crenellated_ambush, vaults_mumra_hex,
          nicolae_vaults_double_plus_1, vaults_dpeg_encased_lava,
          nicolae_vaults_trapezoid_lopsided_1, layout_vaults_ring, serial_shops,
          nicolae_shop_bloodbath_and_beyond
Vaults:2: hangedman_vaults_stagger, hangedman_vaults_nodes,
          vaults_dpeg_emergency_exit, v_misc_2, nicolae_vaults_little_squares_3,
          v_misc_9, nicolae_vaults_six-pack, gammafunk_dig_for_victory,
          v_misc_24, minmay_crypt_entry_nasty_monster, v_misc_11,
          nicolae_vaults_theta, layout_vaults_omnibox, serial_shops,
          nicolae_diamond_shop, uniq_sojobo, uniq_margery
Vaults:3: ontoclasm_vaults_spin, nicolae_vaults_little_guard_posts, v_misc_27,
          nicolae_vaults_shrinking_rooms_1, nicolae_vaults_closet_pinwheel_3,
          vaults_room_semicircle, vaults_room_pools, v_misc_9,
          layout_vaults_omnigrid
Vaults:4: st_more_cells, grunt_vaults_hallway_long, hangedman_vaults_snaps,
          v_pattern_3, vaults_room_stairs_pillars,
          nicolae_vaults_sesquioval_fish, hangedman_vaults_unwind,
          ontoclasm_vaults_claustrophobia, v_misc_25,
          nicolae_vaults_tetromino_T_1, layout_vaults_omnicross, serial_shops,
          shop
Vaults:5: serial_shops
Crypt:1:  layout_chaotic_city, minicrypt_bobbens, grunt_crypt_arrival_webbed,
          uniq_boris
Crypt:2:  layout_misc_corridors, minivault_14, uniq_zenata
Crypt:3:  david_glass_crypt, layout_chaotic_city,
          nicolae_tomb_entry_rubble_hallway, st_vampire_maze, uniq_mennas
Depths:1: layout_gridlike, grunt_mini_vestibule,
          hangedman_abyss_or_decor_clamps, pan_entry, abyss_entry_crystal,
          skrybe_limestone_x, kennysheep_dice, minmay_shop_star
Depths:2: nicolae_cairo_tiling_large, layout_long_grid, enter_ziggurat_b,
          pan_entry, hangedman_coc_ice_floe, nzn_wu_jian_council_hall,
          nicolae_wooded_promenade, minislime_mu
Depths:3: nicolae_whirlpool, layout_cave_shapes, minmay_room_of_horrors,
          chequers_hall_statues_y, rand_demon_pan_entry_7, hell_entry
Depths:4: evilmike_zot_entry_round, layout_cave_shapes,
          hangedman_abyss_entry_splay, hellmouth_3, nicolae_eternal_life,
          minivault_15, uniq_parghit, uniq_josephina
Zot:1:    layout_cellular_growth, grunt_ministairs_14
Zot:2:    layout_misc_corridors, gammafunk_ghost_tricky_traps, st_stairs_14
Zot:3:    layout_gridlike
Zot:4:    dreamdust_black_sun_cult, layout_misc_corridors, zot_minivault_1,
          grunt_megastairs_5
Zot:5:    layout_gridville

Skill      XL: |  1  2  3  4  5  6  7  8  9 10 11 12 13 14 15 16 17 18 19 20 21 22 23 24 25 26 27 |
---------------+----------------------------------------------------------------------------------+-----
Fighting       | 4 5 6 11 15 18 20 24 25 27 | 27.0
Armour         | 3 4 5 7 8 10 11 12 14 17 20 21 22 23 24 25 27 | 27.0
Shields        | 1 2 3 12 16 17 20 22 24 27 | 27.0
Polearms       | 1 3 4 5 8 |  8.6
Maces & Flails | 5 6 |  6.5
Throwing       | 3 6 9 10 13 16 20 | 20.0
Evocations     | 2 6 7 11 15 | 15.0
Axes           | 9 10 13 16 17 19 22 | 22.0
Dodging        | 5 |  5.0

Action                     |  1- 3 |  4- 6 |  7- 9 | 10-12 | 13-15 | 16-18 | 19-21 | 22-24 | 25-27 || total
---------------------------+-------+-------+-------+-------+-------+-------+-------+-------+-------++-------
  Melee: Mace              |    82 |    14 |       |       |       |       |       |       |       ||    96
         Headbutt          |    12 |    17 |    27 |    69 |   218 |   351 |   398 |   601 |   350 ||  2043
         Flail             |       |    64 |    25 |       |       |       |       |       |       ||    89
         Trident           |       |     9 |   143 |       |       |       |       |       |       ||   152
         Dire flail        |       |       |    64 |       |       |       |       |       |       ||    64
         Broad axe         |       |       |       |   409 |   977 |  1279 |  1297 |  1639 |   902 ||  6503
         Whip              |       |       |       |     7 |     8 |     9 |       |       |       ||    24
         Demon whip        |       |       |       |       |       |       |    78 |       |       ||    78
  Throw: Stone             |     5 |    16 |    25 |       |       |       |       |       |       ||    46
         Javelin           |       |     6 |     1 |     7 |    17 |    20 |    17 |    16 |    32 ||   116
         Dart              |       |     2 |    14 |    20 |   160 |    50 |       |       |     1 ||   247
         Boomerang         |       |       |     5 |    72 |   130 |   101 |    26 |    76 |    79 ||   489
         Throwing net      |       |       |       |       |       |       |       |     1 |       ||     1
 Invoke: Berserk           |       |     1 |     4 |     4 |       |       |       |       |       ||     9
         Trog's Hand       |       |       |     1 |     5 |     7 |     2 |     3 |     5 |     7 ||    30
         Brothers in Arms  |       |       |     1 |     1 |     2 |     5 |     2 |     4 |       ||    15
  Evoke: Wand              |       |       |     5 |     8 |     4 |    12 |     2 |     3 |    23 ||    57
         Lightning rod     |       |       |       |       |       |     1 |       |       |       ||     1
         Phial of floods   |       |       |       |       |       |       |     1 |       |     1 ||     2
    Use: Scroll            |     3 |     5 |     9 |    12 |    20 |    12 |    15 |     9 |    10 ||    95
         Potion            |       |       |     1 |     2 |     2 |    16 |    14 |     8 |    17 ||    60
   Stab: Paralysed         |       |       |       |     4 |     4 |       |       |     2 |       ||    10
         Invisible         |       |       |       |       |     2 |     7 |     6 |       |    15 ||    30
         Distracted        |       |       |       |       |       |     2 |       |     1 |       ||     3
         Petrified         |       |       |       |       |       |     7 |       |       |       ||     7
 Armour: Animal skin       |    19 |       |       |       |       |       |       |       |       ||    19
         Ring mail         |     5 |       |       |       |       |       |       |       |       ||     5
         Scale mail        |    13 |    33 |       |       |       |       |       |       |       ||    46
         Chain mail        |       |    15 |       |       |       |       |       |       |       ||    15
         Plate armour      |       |       |   168 |   235 |   431 |       |       |       |       ||   834
         Storm dragon scal |       |       |       |    44 |    43 |       |       |       |       ||    87
         Crystal plate arm |       |       |       |       |    14 |   625 |   419 |   315 |       ||  1373
         Gold dragon scale |       |       |       |       |       |       |       |   145 |   365 ||   510
         Skin              |       |       |       |       |       |       |       |       |     2 ||     2
  Dodge: Dodged            |    52 |    32 |    47 |   107 |   135 |   171 |   189 |   229 |    96 ||  1058
  Block: Buckler           |       |     8 |    14 |    52 |    59 |       |       |       |       ||   133
         Tower shield      |       |       |       |       |   371 |  1308 |  1186 |  1361 |   697 ||  4923
         Reflection        |       |       |       |       |       |    36 |   103 |    22 |     9 ||   170

Table legend: (Time is in decaauts)
 A = Elapsed time spent in this place.
 B = Non-inter-level travel time spent in this place.
 C = Inter-level travel time spent in this place.
 D = Time resting spent in this place.
 E = Time spent auto-exploring this place.
 F = Levels seen in this place.
 G = Mean time per level.
                   A        B        C        D        E       F      G
               +--------+--------+--------+--------+--------+-----+--------+
         Total |  71043 |  60637 |  10406 |  11496 |  10453 |  57 | 1246.4 |
       Dungeon |  21239 |  15807 |   5432 |   2226 |   2773 |  15 | 1415.9 |
          Lair |   7110 |   5542 |   1568 |   1034 |   1328 |   5 | 1422.0 |
        Shoals |   4608 |   4041 |    567 |    733 |    753 |   4 | 1152.0 |
   Spider Nest |   6082 |   5725 |    357 |   1683 |   1143 |   4 | 1520.5 |
    Slime Pits |   1158 |   1144 |     14 |    203 |    150 |   5 |  231.6 |
  Orcish Mines |   1886 |   1634 |    252 |    131 |    100 |   2 |  943.0 |
   Elven Halls |   4104 |   3742 |    362 |    514 |    909 |   3 | 1368.0 |
        Vaults |   9330 |   8431 |    899 |   1779 |   1374 |   5 | 1866.0 |
         Crypt |   3383 |   3209 |    174 |    713 |    694 |   3 | 1127.7 |
        Depths |   5324 |   4825 |    499 |    881 |    769 |   4 | 1331.0 |
           Zot |   5567 |   5288 |    279 |   1323 |    357 |   5 | 1113.4 |
        Bailey |    531 |    531 |      0 |     88 |      0 |   1 |  531.0 |
      Ice Cave |    713 |    713 |      0 |    185 |    100 |   1 |  713.0 |
               +--------+--------+--------+--------+--------+-----+--------+

Top non-repeatable levels by time:
Vaults:2: 2444 daAuts
    D:13: 2207 daAuts
    D:11: 2170 daAuts
Spider:4: 2132 daAuts
Vaults:5: 2026 daAuts
Depths:4: 1998 daAuts
  Lair:5: 1882 daAuts
Vaults:1: 1777 daAuts
   Elf:3: 1752 daAuts
Spider:3: 1718 daAuts
     D:6: 1673 daAuts
    D:10: 1645 daAuts
Vaults:3: 1605 daAuts
     D:9: 1584 daAuts
 Crypt:3: 1515 daAuts
